Electro, lawful female human Valkyrie ---- ---- |..| ---..--- |..| |......| --.| |......| |.| ---....-- |.| |.....| --- |.| |.....| --.-- |.| ---.....| |...-- .| |.| |...----- --...|--.| |.|-----.|...| |...--.- ---.. |.|......|--.--- --.....-- |...- --.|....--- |...| |......-- ---..-| |.......| ---.------......----|..|.....- |.......| |......(....%.....--....%.... ---.<..-- |....-------..c.............. |..--- |......----.h.w..d.......... |..| --..--......:.........---.. ---- ---------------......| . ---...-- --.-- --- Electro the Fighter Experience level: 7 Strength: 18/** Dexterity: 12 Constitution: 15 Intelligence: 9 Wisdom: 10 Charisma: 8 Health: 61(78) Energy: 14(14) Def: 4 Gold: 558 Moves: 3696 Dungeon seed: p74q6N8poPztqZyg Game ID: Electro_1683210016 Your Inventory: Coins $ - 558 gold pieces Weapons a - the blessed rustproof +1 Excalibur b - a +0 dagger Armor e - an uncursed +3 small shield n - an uncursed rusty +0 orcish helm Comestibles c - 3 uncursed food rations h - an uncursed melon i - an uncursed purple worm egg (laid by you) j - an uncursed purple worm egg (laid by you) k - an uncursed purple worm egg (laid by you) I - an uncursed cram ration T - an uncursed lichen corpse V - an uncursed clove of garlic W - an uncursed sprig of wolfsbane Scrolls z - an uncursed scroll of create monster P - a blessed scroll of teleportation Z - an uncursed scroll of teleportation Potions s - an uncursed potion of oil v - a cursed potion of healing Rings J - an uncursed ring of teleportation R - an uncursed ring of polymorph control (on left scale gap) Wands l - a wand of speed monster (0:7) m - a wand of sleep (0:3) o - a wand of sleep (0:6) p - a wand of speed monster (0:4) r - a wand of striking (0:5) Tools d - an uncursed oil lamp (lit) (0:445) D - an uncursed stethoscope H - an uncursed towel K - a +0 unicorn horn L - 3 uncursed wax candles (0:400) Q - an uncursed blindfold X - an uncursed tin opener Gems y - 4 uncursed worthless pieces of blue glass E - an uncursed luckstone G - an uncursed worthless piece of orange glass N - 2 uncursed worthless pieces of white glass O - an uncursed worthless piece of green glass S - 2 uncursed worthless pieces of red glass Y - an uncursed amethyst stone Spells and supernatural/magical abilities: Name Level Category Fail Memory W - pray for help -- divine ? -- Your skills at the end: Fighting Skills Weapon Skills dagger [Basic] long sword [Basic] Spellcasting Skills Final Attributes: You were piously aligned. You were cold resistant. You were stealthy. You aggravated monsters. You had polymorph control. You were polymorphed into a purple worm. You were fast. You were lucky. You had extra luck. Bad luck did not time out for you. Good luck did not time out for you. You are dead. Vanquished creatures: a large mimic an ettin zombie 2 winter wolf cubs a gray unicorn 3 bugbears 11 Mordor orcs 2 yellow lights 8 gnome lords 5 gnomish wizards a little dog 2 dwarves 3 kobold lords a centipede a giant bat 3 orc zombies a dwarf zombie 2 iguanas an acid blob a hobbit 2 large kobolds 3 cave spiders a brown mold 29 gnomes a gnome zombie 2 geckos 5 jackals a kobold a goblin 3 sewer rats 2 grid bugs 3 lichens 3 newts 106 creatures vanquished. Voluntary challenges: You used a wielded weapon 105 times, starting on turn 1. You read items or engraved 7 times, starting on turn 323. You never genocided any monsters. You never polymorphed an object. You changed form 1 time, starting on turn 3628. You used no wishes. You never split a pudding. You wrote Elbereth's name 4 times, starting on turn 1014. You never violated your personal moral code. Dungeon overview: The Dungeons of Doom: levels 1 to 4 Level 1 a fountain a long staircase Level 2 a wand shop Level 3 an altar to Tyr, a fountain Level 4 stairs to The Gnomish Mines The Gnomish Mines: levels 5 to 9 Level 5 stairs to The Dungeons of Doom Level 6 Level 7 Level 8 some shops, a temple to Tyr, some fountains Level 9 <- You were here History has recorded: On T:1 you entered the Dungeons of Doom to retrieve the Amulet of Yendor! On T:440 you advanced to experience level 2. On T:445 you reached level 2 of The Dungeons of Doom. On T:1088 you reached level 3 of The Dungeons of Doom. On T:1431 you reached level 4 of The Dungeons of Doom. On T:1589 you advanced to experience level 3. On T:1790 you reached level 1 of The Gnomish Mines. On T:1801 you advanced to experience level 4. On T:1960 you advanced to experience level 5. On T:2306 you reached level 2 of The Gnomish Mines. On T:2571 you advanced to experience level 6. On T:2691 you reached level 3 of The Gnomish Mines. On T:3108 you reached level 4 of The Gnomish Mines. On T:3130 you advanced to experience level 7. On T:3508 you reached level 5 of The Gnomish Mines. Score breakdown: Gold: 558 ( 9345 points) Experience: 7 levels (13645 points) Exploration: 9 levels ( 18.75%) (12377 points) Discoveries: 17 items ( 6.94%) ( 7902 points) Valuables value: (no points given unless you survive) Artifact value: 4000 (12253 points) Variety of kills: 32 monsters ( 8.40%) ( 8694 points) Turncount: 3696 turns ( -908 points) Survival: died (score multiplied by 80%) Total score: 50646 Latest messages: You don't feel cold. Your potion of object detection freezes and shatters! Your magenta potion freezes and shatters! You bite the winter wolf cub. You engulf the winter wolf cub! You pause to digest it. You totally digest it. l - a wand of speed monster. There are a few more objects here. The blast of frost hits you! You don't feel cold. You bite the winter wolf cub. You engulf the winter wolf cub! You pause to digest it. The blast of frost hits you! You don't feel cold. You totally digest it. The chickatrice bites! The chickatrice touches you! You bite the chickatrice. You turn to stone... Final status: Farvel Electro the Valkyrie, petrified by attacking a chickatrice directly... You turned to stone in The Gnomish Mines on dungeon level 9 with 50646 points, and 558 pieces of gold, after 3696 moves. You were level 7 with a maximum of 60 hit points when you turned to stone.